AoeStats
← Lokman.Y

African Clearing

511630892Analyzed
3v3 RM · 14d ago on Oct 5, 2026· 38m 56s· 6 players
Game mode
Random Map
Map size
Normal (6 player)
Population
200
Speed
Normal
Resources
Standard
Victory
Conquest
Starting age
Dark Age
Ending age
Imperial Age
RankedLock teamsTeams togetherTeam positionsShared explorationLock speedFull tech treeHidden civsTurbo modeCheats
Victory
Defeat
🇺🇸 Franks · United States
993
+15
🇺🇸 Huns · United States
942
+18
🇧🇷 Britons · Brazil
941
+18
vs
🇹🇷 Teutons · Türkiye
998
-18
🇹🇷 Britons · Türkiye
986
-17
🇹🇷 Vietnamese · Türkiye
949
-16
MY
10:45 Loom
13:56 Feudal Age
15:20 Wheelbarrow
14:32 Double-Bit Axe
14:43 Horse Collar
23:02 Forging
22:57 Scale Barding Armor
26:49 Castle Age
29:05 Hand Cart
TlHsn <3
8:36 Loom
14:55 Feudal Age
15:00 Man-at-Arms
23:15 Castle Age
24:02 Double-Bit Axe
27:26 Crossbowman
30:31 Fletching
30:41 Padded Archer Armor
30:50 Padded Archer Armor
32:35 Leather Archer Armor
32:15 Bodkin Arrow
33:44 Bodkin Arrow
34:16 Ballistics
Lokman.Y
15:45 Loom
19:50 Feudal Age
30:06 Horse Collar
31:07 Wheelbarrow
32:43 Double-Bit Axe
33:06 Gold Mining
Lord Benjamin of Glencoe
12:35 Feudal Age
13:49 Double-Bit Axe
17:02 Loom
18:42 Forging
18:37 Scale Barding Armor
22:54 Castle Age
24:52 Wheelbarrow
26:07 Fletching
26:18 Padded Archer Armor
27:12 Bloodlines
28:08 Bow Saw
31:54 Horse Collar
32:13 Stone Mining
33:46 Gold Mining
35:20 Leather Archer Armor
37:06 Husbandry
37:13 Scale Barding Armor
37:04 Bodkin Arrow
37:20 Forging
38:52 Horse Collar
39:48 Gold Shaft Mining
39:16 Scale Mail Armor
gochodg
14:49 Feudal Age
19:36 Castle Age
17:32 Double-Bit Axe
20:44 Loom
30:52 Husbandry
32:23 Forging
32:19 Scale Barding Armor
36:51 Bow Saw
39:56 Imperial Age
38:58 Wheelbarrow
ramonludtke
11:30 Loom
13:48 Feudal Age
14:15 Double-Bit Axe
20:01 Castle Age
20:14 Crossbowman
23:09 Fletching
28:42 Padded Archer Armor
30:34 Ballistics
30:14 Bodkin Arrow
34:43 Scale Barding Armor
36:25 Stone Mining
36:26 Gold Mining
38:26 Husbandry
Connection lost

Rejoining the realm…

Still unreachable

The connection could not be restored.

Session expired

The server has moved on; the page needs a fresh start.